 Dungeon Crawl Stone Soup version 0.29.1-12-g30fa7ad0bf (webtiles) character file.

Game seed: 15438466554921252177

16296 sanboga the Severer (level 12, -19/169 HPs)
             Began as a Minotaur Berserker on Dec 16, 2022.
             Was a High Priest of Trog.
             Demolished by Frances
             ... wielding a +0 glaive
              (30 damage)
             ... on level 12 of the Dungeon.
             The game lasted 00:12:08 (13593 turns).

sanboga the Severer (Minotaur Berserker)           Turns: 13593, Time: 00:12:09

Health: -19/169    AC: 19    Str: 27    XL:     12   Next: 8%
Magic:  0/11       EV: 12    Int:  4    God:    Trog [*****.]
Gold:   689        SH:  0    Dex: 10    Spells: 11/11 levels left

rFire   . . .      SeeInvis .   D - +8 battleaxe of Leurom {vorpal, rPois Will+}
rCold   . . .      Faith    .   (shield currently unavailable)
rNeg    . . .      Spirit   +   l - +0 plate armour
rPois   +          Reflect  .   s - +2 hat
rElec   .          Harm     .   y - scarf {repulsion}
rCorr   +          Rampage  .   (no gloves)
Will    +....                   k - +0 pair of boots
Stlth   ..........              g - amulet of guardian spirit
HPRegen 0.38/turn               t - ring of resist corrosion
MPRegen 0.12/turn               C - +4 ring of evasion

@: berserking, marked, repel missiles, very quick
A: horns 2, retaliatory headbutt
a: Renounce Religion, Berserk, Trog's Hand, Brothers in Arms


You were on level 12 of the Dungeon.
You worshipped Trog.
Trog was extremely pleased with you.
You visited 1 branch of the dungeon, and saw 12 of its levels.
You also visited: Sewer.

You collected 689 gold pieces.

Inventory:

Hand Weapons
 u - a +7 vorpal hand axe
 D - the +8 battleaxe of Leurom (weapon) {vorpal, rPois Will+}
   (Trog gifted it to you on level 12 of the Dungeon)

   It inflicts extra damage upon your enemies.
   rPois:     It protects you from poison.
   Will:      It increases your willpower.
Armour
 k - a +0 pair of boots (worn)
 l - a +0 plate armour (worn)
 s - a +2 hat (worn)
 y - a scarf of repulsion (worn)
 A - a +1 cloak of stealth
Jewellery
 g - an amulet of guardian spirit (around neck)
 t - a ring of resist corrosion (left hand)
 C - a +4 ring of evasion (right hand)
Wands
 n - a wand of flame (32)
 w - a wand of paralysis (11)
 x - a wand of acid (6)
Scrolls
 b - 5 scrolls of teleportation
 e - 3 scrolls of noise {unknown}
 j - a scroll of magic mapping {unknown}
 o - 4 scrolls of enchant weapon {unknown}
 p - 2 scrolls of blinking {unknown}
 v - 2 scrolls of fear
 B - a scroll of butterflies {unknown}
Potions
 c - a potion of flight {unknown}
 d - 7 potions of heal wounds
 f - a potion of resistance {unknown}
 h - a potion of attraction
 i - 5 potions of haste
 m - a potion of might
 q - 3 potions of curing
 r - 3 potions of mutation
 z - 2 potions of berserk rage


   Skills:
 + Level 12.4 Fighting
 * Level 16.8 Axes
 + Level 12.1 Armour
 - Level 2.1 Dodging


You had 11 spell levels left.
You didn't know any spells.
Your spell library was empty.

Dungeon Overview and Level Annotations

Branches:
Dungeon (12/15)            Temple (0/1) D:6            Lair (0/5) D:11
  Sewer (visited)
    Orc: D:9-12

Altars:
Gozag
Makhleb
Uskayaw
Wu Jian
Xom

Annotations:
D:12 Frances


Innate Abilities, Weirdness & Mutations

You have a pair of horns on your head.
You reflexively headbutt those who attack you in melee.


Message History

With a horrendous wail, an alarm goes off!
A sentinel's mark forms upon you.
You hear a shout!
You hear two shouts!
You hear an angry growl.
You hear a shout! x4; You hear a howl!
You hear a shout! x15
Found a potion of haste.
Frances, Duchess of Pandemonium comes into view.
She is wielding a +0 glaive and wearing a +0 leather armour of fire resistance.
Found a lumpy yellow potion.
There is an open door here.
Frances mutters in a terrible tongue.
The shard of ice hits you!!
The two-headed ogre hits you with a +0 giant club!!
The two-headed ogre hits you with a +0 giant club!
You slash the two-headed ogre! You headbutt the two-headed ogre!
The two-headed ogre is heavily wounded.
Frances hits you from afar with a +0 glaive!
The two-headed ogre hits you with a +0 giant club!!
* * * LOW HITPOINT WARNING * * *
The two-headed ogre closely misses you.
You are too injured to fight recklessly!
A red film seems to cover your vision as you go berserk!
You feel yourself moving faster!
You feel mighty! Frances closely misses you.
You slice the two-headed ogre!!
The two-headed ogre is almost dead.
Frances speaks in an indecipherable language.
Frances hits you from afar with a +0 glaive!
* * * LOW HITPOINT WARNING * * *
The two-headed ogre completely misses you.
The two-headed ogre hits you with a +0 giant club!!
* * * LOW HITPOINT WARNING * * *
You slice the two-headed ogre!!
You kill the two-headed ogre!
Trog accepts your kill. Frances hits you with a +0 glaive!
* * * LOW HITPOINT WARNING * * *
Things that are here:
a +0 giant club; a +0 giant club You cut Frances into ribbons!!!
You headbutt Frances.
Frances is moderately wounded.
Frances hits you with a +0 glaive!!
You die...

###.###### ####+######
#.. #.##### #.. #.....#
### #######.#
##########+### #.......#
#.!..........# ###.###.#
#............## #.....#.#
#............'. #.#####.#
#............# #.....#.#
.#...@@...!...#
#.###.#.#...............#
#.#...#...##............#
#.#.#####.########'######
#.#.......# #.#
###..###### #.## #
##..#### #..# # .......#
##.## #######
.......###### #..#
###......


You could see Frances.

Vanquished Creatures
  Josephine (D:12)
  3 two-headed ogres
  Pikel (D:7)
  A deep elf pyromancer (D:12)
  An ugly thing (D:12)
  Maurice (D:12)
  A manticore (D:12)
  Maggie (D:7)
  A kobold demonologist (D:8)
  A troll (D:12)
  A hornet (D:9)
  4 shadows
  7 wraiths
  2 vampires
  3 wyverns (D:11)
  19 yaks
  A basilisk (D:11)
  Edmund (D:5)
  3 acid dragons
  Menkaure (D:5)
  3 water moccasins (D:11)
  2 orc warriors
  2 black bears
  An ice beast (D:7)
  2 sky beasts
  2 ogres
  5 centaurs
  2 phantoms (D:6)
  A lemure (D:7)
  4 kobold brigands
  5 bullfrogs
  3 necrophages
  7 scorpions
  A water moccasin zombie (D:6)
  A wyvern skeleton (D:6)
  5 killer bees (D:8)
  2 water moccasin skeletons (D:6)
  3 howler monkeys
  3 bullfrog zombies (D:6)
  7 bullfrog skeletons (D:6)
  4 hounds
  3 jellies
  Crazy Yiuf (D:7)
  A centaur skeleton (D:6)
  A centaur zombie (D:6)
  8 orc priests
  An iguana (D:5)
  11 orc wizards
  A killer bee zombie (D:6)
  2 howler monkey zombies (D:6)
  10 gnolls
  4 river rats
  9 adders
  3 white imps (D:6)
  An ufetubus (D:7)
  7 worms
  A dart slug (D:5)
  29 orcs
  4 bats
  15 endoplasms
  3 giant cockroaches
  6 goblins
  11 hobgoblins
  3 quokkas (D:4)
  14 ball pythons
  3 frilled lizards
  33 kobolds
  14 rats
318 creatures vanquished.

Vanquished Creatures (collateral kills)
  A wyvern (D:9)
  A yak (D:9)
2 creatures vanquished.

Vanquished Creatures (others)
  An orc wizard (D:9)
  An orc (D:6)
  9 fungi
  21 plants
  10 toadstools (D:3)
42 creatures vanquished.

Grand Total: 362 creatures vanquished

Notes
Turn   | Place    | Note
-------+----------+-------------------------------------------
     0 | D:1      | sanboga the Minotaur Berserker began the quest for the Orb.
     0 | D:1      | Reached XP level 1. HP: 19/19 MP: 0/0
   115 | D:1      | Reached skill level 4 in Axes
   144 | D:1      | Reached XP level 2. HP: 26/27 MP: 1/1
   999 | D:2      | Reached XP level 3. HP: 33/33 MP: 2/2
  1321 | D:2      | Reached ** piety under Trog
  1468 | D:2      | Reached XP level 4. HP: 40/40 MP: 3/3
  1510 | D:2      | Reached skill level 5 in Axes
  2236 | D:3      | Found a hide-covered altar of Uskayaw.
  2239 | D:3      | Noticed a +0 dagger
  2240 | D:3      | Noticed a +0 hand axe
  2458 | D:3      | Reached XP level 5. HP: 47/47 MP: 4/4
  2665 | D:3      | Found an ornate altar of the Wu Jian Council.
  3349 | D:4      | Reached skill level 5 in Fighting
  3349 | D:4      | Reached skill level 6 in Axes
  3369 | D:4      | Reached *** piety under Trog
  3370 | D:4      | Reached XP level 6. HP: 49/56 MP: 5/5
  3381 | D:4      | Reached skill level 7 in Axes
  3576 | D:4      | Reached skill level 5 in Armour
  3576 | D:4      | Reached XP level 7. HP: 46/62 MP: 6/6
  4095 | D:4      | Found a shimmering altar of Xom.
  4387 | D:5      | Entered Level 5 of the Dungeon
  4443 | D:5      | Reached skill level 8 in Axes
  4497 | D:5      | Noticed Menkaure
  4504 | D:5      | Killed Menkaure
  4505 | D:5      | Found a burning altar of Makhleb.
  4528 | D:5      | Reached XP level 8. HP: 38/71 MP: 5/7
  4561 | D:5      | Found a glowing drain.
  4573 | Sewer    | Entered a sewer
  4808 | Sewer    | Reached skill level 9 in Axes
  5057 | Sewer    | Reached **** piety under Trog
  5913 | D:5      | Noticed Edmund
  5925 | D:5      | Killed Edmund
  6067 | D:5      | Reached skill level 10 in Axes
  6830 | D:6      | Reached XP level 9. HP: 75/81 MP: 8/8
  6929 | D:6      | You fall into a shaft and drop 3 floors!
  7008 | D:9      | Reached skill level 11 in Axes
  7538 | D:7      | Found an opulent altar of Gozag.
  7574 | D:7      | Noticed Pikel
  7582 | D:7      | Killed Pikel
  7583 | D:7      | Reached skill level 12 in Axes
  7774 | D:7      | Noticed Maggie
  7786 | D:7      | Killed Maggie
  7884 | D:7      | Reached XP level 10. HP: 91/91 MP: 9/9
  8508 | D:6      | Reached skill level 13 in Axes
  8586 | D:6      | Found a staircase to the Ecumenical Temple.
  8745 | D:7      | Found a runed translucent door.
  8746 | D:7      | Noticed Crazy Yiuf
  8867 | D:7      | Killed Crazy Yiuf
  9039 | D:8      | Reached ***** piety under Trog
  9294 | D:8      | Reached skill level 10 in Fighting
 10164 | D:9      | Paralysed by a hornet for 1 turns
 10169 | D:9      | Reached skill level 10 in Armour
 10603 | D:9      | Reached skill level 14 in Axes
 10830 | D:10     | Entered Level 10 of the Dungeon
 10830 | D:10     | Noticed a two-headed ogre
 10834 | D:10     | Killed a two-headed ogre
 10891 | D:10     | Received a gift from Trog
 10892 | D:10     | Reached XP level 11. HP: 77/101 MP: 7/10
 11836 | D:11     | Reached skill level 15 in Axes
 11851 | D:11     | Found a staircase to the Lair.
 12584 | D:11     | Identified the +7 dagger "Ceroex" {vorpal, Str+4 Int+3}
 13063 | D:12     | Noticed a deep elf pyromancer
 13073 | D:12     | Killed a deep elf pyromancer
 13104 | D:12     | Noticed Josephine
 13115 | D:12     | Reached skill level 16 in Axes
 13129 | D:12     | Killed Josephine
 13148 | D:12     | Noticed a cyan ugly thing
 13184 | D:12     | Killed a cyan ugly thing
 13185 | D:12     | Noticed a two-headed ogre
 13199 | D:12     | Noticed a two-headed ogre
 13206 | D:12     | Killed a two-headed ogre
 13448 | D:12     | Noticed Maurice
 13462 | D:12     | Killed Maurice
 13463 | D:12     | Reached XP level 12. HP: 111/112 MP: 11/11
 13569 | D:12     | Identified the +8 battleaxe of Leurom {vorpal, rPois Will+}
                  | (Trog gifted it to you on level 12 of the Dungeon)
 13569 | D:12     | Received a gift from Trog
 13585 | D:12     | Noticed Frances
 13591 | D:12     | Killed a two-headed ogre
 13593 | D:12     | Demolished by Frances

Illustrated notes

Levels and vault maps discovered:
D:1:      saegor_arrival_simple_c, layout_rooms, st_stairs_10, minivault_4,
          minmay_pentomino_r2
D:2:      layout_basic, serial_bayou, serial_bayou_lake_a, serial_bayou_pond_c,
          serial_bayou_ford_a, serial_bayou_crossing
D:3:      cheibrodos_fertilizer, layout_loops_corners, dancing_weapons_uskayaw,
          nzn_wu_jian_council_hall
D:4:      layout_basic, tgw_xom
D:5:      layout_rooms, mainiacjoe_overflow_alcove_1, lightli_sewer_entry_pipes,
          uniq_edmund, uniq_menkaure
D:6:      layout_loops_ring, minmay_temple_entry_enclosed_plants, serial_undead,
          serial_undead_d, serial_undead_d, serial_undead_f, serial_undead_a,
          serial_undead_d, lemuel_flamethrower_2
D:7:      layout_basic, nicolae_gozag_seed_capital,
          hangedman_abyss_or_decor_stagger, uniq_pikel, uniq_maggie,
          uniq_crazy_yiuf_cottage
D:8:      layout_basic
D:9:      layout_cave_pods
D:10:     layout_loops_corners, grunt_ministairs_5, minmay_misc_feat_roman
D:11:     layout_basic, minmay_lair_entry_grove, grunt_decor_mini_mirrors,
          lightli_orcish_oven
D:12:     layout_roguey, minmay_orc_entry_temple_small,
          ebering_ghost_funeral_grove, uniq_frances, uniq_maurice, uniq_jorgrun,
          uniq_josephine, uniq_lodul

Skill      XL: |  1  2  3  4  5  6  7  8  9 10 11 |
---------------+----------------------------------+-----
Axes           | 4 5 6 7 8 10 12 14 16 | 16.8
Fighting       | 4 5 6 7 9 10 12 | 12.4
Armour         | 3 4 5 6 7 9 10 12 | 12.1
Dodging        | |  2.1

Action                   |  1- 3 |  4- 6 |  7- 9 | 10-12 || total
-------------------------+-------+-------+-------+-------++-------
Melee: Hand axe          |    87 |   127 |   367 |   442 ||  1023
       Headbutt          |    11 |    24 |    71 |   107 ||   213
       Punch             |     1 |       |     5 |     5 ||    11
       Battleaxe         |       |       |       |     4 ||     4
Invok: Berserk           |     1 |     2 |     4 |     5 ||    12
       Brothers in Arms  |       |       |     1 |       ||     1
  Use: Scroll            |       |       |     8 |     7 ||    15
Armor: Animal skin       |     4 |       |       |       ||     4
       Chain mail        |     9 |     4 |       |       ||    13
       Plate armour      |       |    51 |   204 |   190 ||   445
Dodge: Dodged            |    55 |    49 |   108 |   148 ||   360
